 Dungeon Crawl Stone Soup version 0.29.1-2-gbd0b4ee654 (webtiles) character file.

Game seed: 4928192471225065808

421 Omegus91 the Insei (level 6, -3/50 HPs)
             Began as a Draconian Transmuter on Nov 7, 2022.
             Succumbed to a water moccasin's poison
             ... on level 4 of the Dungeon.
             The game lasted 00:14:14 (4169 turns).

Omegus91 the Insei (Draconian Transmuter)           Turns: 4169, Time: 00:14:14

Health: -3/50      AC:  6    Str: 12    XL:     6   Next: 62%
Magic:  16/18      EV: 12    Int: 13    God:
Gold:   152        SH:  0    Dex: 14    Spells: 3/9 levels left

rFire   + . .      SeeInvis .     - Unarmed
rCold   + . .      Faith    .   (no shield)
rNeg    . . .      Spirit   .   (body armour unavailable)
rPois   +          Reflect  .   (helmet restricted)
rElec   +          Harm     .   (no cloak)
rCorr   +          Rampage  .   (no gloves)
Will    .....                   (no boots)
Stlth   ++........              (no amulet)
HPRegen 0.16/turn               f - ring of magical power
MPRegen 0.16/turn               (no ring)

@: lethally poisoned (-3 -> -35), resistant, wereblooded
A: AC +6, unfitting armour, cold-blooded
a: no special abilities


You were on level 4 of the Dungeon.
You visited 1 branch of the dungeon, and saw 4 of its levels.

You collected 152 gold pieces.

Inventory:

Missiles
 d - 5 poisoned darts
 e - 3 stones
Jewellery
 f - a ring of magical power (left hand)
Scrolls
 j - a scroll of teleportation
 k - a scroll of enchant armour
Potions
 a - 2 potions of lignification
 i - a potion of mutation


   Skills:
 + Level 2.8 Fighting
 - Level 1.7 Dodging
 + Level 1.6 Stealth
 * Level 5.7 Unarmed Combat
 - Level 2.0 Spellcasting
 + Level 3.3 Transmutations
 - Level 2.0 Poison Magic


You had 3 spell levels left.
You knew the following spells:

 Your Spells              Type           Power      Damage    Failure   Level
a - Beastly Appendage     Tmut           18%        N/A       7%          1
b - Spider Form           Tmut/Pois      8%         N/A       26%         3
c - Wereblood             Tmut           9%         N/A       10%         2

Your spell library contained the following spells:

 Spells                   Type           Power      Damage    Failure   Level
 Blink                    Tloc           2%         N/A       36%         2
 Lesser Beckoning         Tloc           1%         N/A       58%         3
 Ice Form                 Ice/Tmut       5%         N/A       78%         4
 Manifold Assault         Tloc           1%         N/A       100%        5


Dungeon Overview and Level Annotations

Branches:
Dungeon (4/15)
 Temple: D:4-7

Altars:
Cheibriados
The Shining One


Innate Abilities, Weirdness & Mutations

Your plain brown scales are hard. (AC +6)
You cannot fit into any form of body armour.
You are cold-blooded and may be slowed by cold attacks.


Message History

The water moccasin is heavily wounded.
You feel sick.
You are no longer poisoned.
The water moccasin bites you.
You barely miss the water moccasin.
The water moccasin is heavily wounded.
The water moccasin misses you. The water moccasin closely misses you.
You hit the water moccasin but do no damage.
You claw the water moccasin, but do no damage.
Your punch misses the water moccasin.
The water moccasin is heavily wounded.
Your horns disappear.
Your talons disappear.
The water moccasin closely misses you.
You miss the water moccasin.
The water moccasin is heavily wounded.
The water moccasin misses you.
You closely miss the water moccasin.
The water moccasin is heavily wounded.
The water moccasin bites you but does no damage.
The water moccasin closely misses you.
You closely miss the water moccasin.
The water moccasin is heavily wounded.
The water moccasin bites you.
* * * LOW HITPOINT WARNING * * *
You barely miss the water moccasin.
The water moccasin is heavily wounded.
The water moccasin barely misses you.
Sorry, you're not good enough to have a special ability.
Casting: Beastly Appendage (safe; 7% risk of failure)
Confirm with . or Enter, or press ? or * to list all spells.
Your blood is infused with primal strength.
The water moccasin bites you!
* * * LOW HITPOINT WARNING * * *
You are lethally poisoned!
The water moccasin poisons you! The water moccasin bites you.
* * * LOW HITPOINT WARNING * * *
You are more poisoned.
The water moccasin poisons you!
You feel protected.
You die...

*,#,***S###
*,#.,,,...#
*,#.###.#.#
*,*.....#.#
*,*,#...#.#
*,*,#..##.###
*,*,#.......#
*,*,#.....#S#
*,#...#####@#
*,###.#####.#
*,,,..#.....#
***####.###.#
#.#<####
#.#....#
#.####.#
#......#
########


You could see a water moccasin.

Vanquished Creatures
  Sigmund (D:3)
  A necrophage (D:4)
  A hound (D:4)
  An iron imp (D:3)
  Jessica (D:3)
  4 adders
  An adder skeleton (D:2)
  2 dart slugs
  5 orcs (D:3)
  10 ball pythons
  3 bats
  4 endoplasms
  11 goblins
  5 hobgoblins (D:1)
  5 jackals
  4 kobolds
  2 quokkas (D:2)
  2 frilled lizards (D:1)
  A quokka skeleton (D:2)
  A quokka zombie (D:2)
  3 rats
68 creatures vanquished.

Notes
Turn   | Place    | Note
-------+----------+-------------------------------------------
     0 | D:1      | Omegus91 the Draconian Transmuter began the quest for the
                  | Orb.
     0 | D:1      | Reached XP level 1. HP: 16/16 MP: 3/3
   137 | D:1      | Reached XP level 2. HP: 21/23 MP: 3/5
   895 | D:1      | Reached XP level 3. HP: 28/28 MP: 6/6
   910 | D:1      | Reached skill level 4 in Unarmed Combat
   942 | D:1      | Found a faded altar of an unknown god.
  1674 | D:2      | Found a glowing golden altar of the Shining One.
  1733 | D:2      | Identified the +0 leather armour of the Kettle-Drum {Str+7
                  | Int+2 Dex+4}
  1971 | D:3      | Reached XP level 4. HP: 35/35 MP: 7/7
  2031 | D:3      | Learned a level 3 spell: Spider Form
  2034 | D:3      | Learned a level 2 spell: Wereblood
  2073 | D:3      | Found a snail-covered altar of Cheibriados.
  2073 | D:3      | Noticed Sigmund
  2108 | D:3      | Noticed Jessica
  2365 | D:3      | Killed Jessica
  2927 | D:3      | Reached XP level 5. HP: 39/41 MP: 8/8
  3252 | D:3      | Reached skill level 5 in Unarmed Combat
  3252 | D:3      | Reached skill level 1 in Poison Magic
  3635 | D:4      | Reached skill level 1 in Stealth
  3905 | D:3      | Killed Sigmund
  3906 | D:3      | Reached XP level 6. HP: 32/50 MP: 9/9
  4143 | D:4      | Noticed a water moccasin
  4169 | D:4      | Succumbed to a water moccasin's poison

Illustrated notes

Levels and vault maps discovered:
D:1:      lemuel_arrival_muddy, layout_basic, chequers_ecumenical_altar_twisty
D:2:      layout_basic, serial_undead, serial_undead_f, serial_undead_f,
          serial_undead_a, serial_undead_e, basic_altar, minmay_diced_spiral
D:3:      layout_loops_ring, slow_altar_1, minivault_19, kennysheep_doodads,
          kennysheep_cluttered_room, uniq_jessica, uniq_sigmund
D:4:      kennysheep_kobold_camp, layout_basic, uniq_grinder

Skill      XL: |  1  2  3  4  5 |
---------------+----------------+-----
Unarmed Combat | 4 5 |  5.7
Fighting       | 2 |  2.8
Poison Magic   | 2 |  2.0
Stealth        | 1 |  1.6
Transmutations | 3 |  3.3
Dodging        | |  1.7
Spellcasting   | |  2.0

Action                   |  1- 3 |  4- 6 || total
-------------------------+-------+-------++-------
Melee: Unarmed           |   105 |    95 ||   200
       Kick              |    13 |    22 ||    35
       Headbutt          |     2 |     6 ||     8
       Tailslap          |     9 |    15 ||    24
       Punch             |     2 |     2 ||     4
 Cast: Beastly Appendage |     5 |     9 ||    14
       Wereblood         |       |     2 ||     2
  Use: Potion            |       |     3 ||     3
       Scroll            |       |    10 ||    10
 Stab: Sleeping          |     1 |       ||     1
Armor: Skin              |    31 |    15 ||    46
Dodge: Dodged            |    79 |    43 ||   122
